 Dungeon Crawl Stone Soup version 0.30-a0-743-gbfdf073431 (webtiles) character file.

Game seed: 5380740312763347333

716 bande the Covered (level 7, 0/48 HPs)
             Began as a Gargoyle Fighter on Feb 6, 2023.
             Was an Initiate of Okawaru.
             Slain by a vampire (9 damage)
             ... on level 6 of the Dungeon.
             The game lasted 00:08:54 (3792 turns).

bande the Covered (Gargoyle Fighter)                Turns: 3792, Time: 00:08:54

Health: 0/48       AC: 18    Str: 19    XL:     7   Next: 69%
Magic:  7/7        EV:  7    Int:  9    God:    Okawaru [......]
Gold:   266        SH:  6    Dex: 11    Spells: 6/6 levels left

rFire   . . .      SeeInvis .    a - +0 war axe (venom)
rCold   . . .      Faith    .    c - +1 buckler
rNeg    + . .      Spirit   .    h - +0 chain mail
rPois   ∞          Reflect  .    (no helmet)
rElec   +          Harm     .    r - +2 cloak
rCorr   .          Rampage  .    (no gloves)
Will    .....                    (no boots) Stlth
                                 (no amulet)
HPRegen 0.28/turn                b - ring of flight
MPRegen 0.10/turn                (no ring)

@: mighty, flying
A: sickness immunity, AC +4, negative energy resistance 1, electricity
resistance, torment resistance 1, petrification resistance
a: Renounce Religion


You were on level 6 of the Dungeon.
You worshipped Okawaru.
Okawaru was noncommittal.
You visited 2 branches of the dungeon, and saw 7 of its levels.

You collected 266 gold pieces.

Inventory:

Hand Weapons
 a - a +0 war axe of venom (weapon)
 p - a +0 flail
Armour
 c - a +1 buckler (worn)
 h - a +0 chain mail (worn)
 o - a scarf of resistance
 r - a +2 cloak (worn)
Jewellery
 b - a ring of flight (left hand)
Wands
 s - a wand of flame (9)
Scrolls
 i - a scroll of torment {unknown}
 k - 2 scrolls of magic mapping
 n - a scroll of brand weapon
 q - 2 scrolls of teleportation
 t - a scroll of fog
Potions
 f - a potion of invisibility
 g - 2 potions of flight
 j - 2 potions of berserk rage
 l - a potion of haste
 m - a potion of attraction {unknown}


   Skills:
 + Level 7.5 Fighting
 + Level 6.7 Axes
 + Level 7.7 Armour
 + Level 7.3 Shields
 * Level 1.1 Invocations
 * Level 0.7 Evocations


You had 6 spell levels left.
You didn't know any spells.
Your spell library contained the following spells:

 Spells                   Type           Power      Damage    Failure   Level
 Inner Flame              Hex/Fire       0%         N/A       100%        3
 Cause Fear               Hex            0%         N/A       100%        4
 Discord                  Hex            0%         N/A       100%        8


Dungeon Overview and Level Annotations

Branches:
Dungeon (6/15)             Temple (1/1) D:5

Altars:
Cheibriados
Dithmenos
Elyvilon
Fedhas
Gozag
Hepliaklqana
Kikubaaqudgha
Makhleb
Nemelex Xobeh
Okawaru
Qazlal
Ru
Sif Muna
Trog
Uskayaw
Vehumet
Wu Jian
Xom
Yredelemnul
Zin
The Shining One

Shops:
D:3 :


Innate Abilities, Weirdness & Mutations

You are immune to sickness and miasma.
Your stone body is resilient. (AC +4)
You are immune to poison.
You resist negative energy. (rN+)
You are resistant to electric shocks. (rElec)
You are resistant to unholy torment.
You are immune to petrification.


Message History

You hit the ice beast.
The ice beast looks as sick as possible!
The ice beast is almost dead.
You barely miss something.
You kill the ice beast!
Okawaru accepts your kill. Something hits you!
Something bites you but does no damage. Something hits you but does no damage.
Something bites you but does no damage.
Your Invocations skill increases to level 1!
You are too injured to fight recklessly!
You are too injured to fight recklessly!
You are too injured to fight recklessly!
You are too injured to fight recklessly!
You are too injured to fight recklessly!
You are too injured to fight recklessly!
You are too injured to fight recklessly!
You are too injured to fight recklessly!
You miss something. You block something's attack.
Something completely misses you.
You barely miss something. Something hits you but does no damage.
Something bites you.
You closely miss something. Something hits you but does no damage.
Something bites you.
You miss something. Something hits you!
* * * LOW HITPOINT WARNING * * *
Something bites you but does no damage. You block something's attack. x2
You hit something. Something hits you but does no damage. Something bites you.
* * * LOW HITPOINT WARNING * * *
You feel much better. Something hits you but does no damage.
You block something's attack.
You feel very mighty all of a sudden.
You hear some strange, mumbled words.
Something tries to affect you, but you resist.
You barely miss something.
You hear some strange, mumbled words.
Something tries to affect you, but you resist.
You slash something! Something hits you! Something bites you!
* * * LOW HITPOINT WARNING * * *
You miss something. Something hits you!
You die...

##.......#
........####
...........
#...[......
######.(........
.....>.=.......
#.....{(......
###.....@.......
................
................
...##..........
.. #.......... #
#.######### #.#
###.########
#[........[#


There were no monsters in sight!

Vanquished Creatures
  2 ice beasts (D:6)
  Blork the orc (D:4)
  4 hounds
  An orc wizard (D:3)
  An iguana (D:4)
  7 gnolls
  5 adders
  2 worms
  5 orcs
  7 ball pythons
  3 bats
  10 endoplasms
  2 giant cockroaches (D:3)
  5 goblins
  10 hobgoblins
  2 jackals (D:5)
  12 kobolds
  3 quokkas
  5 frilled lizards
  7 rats
94 creatures vanquished.

Notes
Turn   | Place    | Note
-------+----------+-------------------------------------------
     0 | D:1      | bande the Gargoyle Fighter began the quest for the Orb.
     0 | D:1      | Reached XP level 1. HP: 14/14 MP: 1/1
   363 | D:1      | Reached XP level 2. HP: 9/19 MP: 2/2
   654 | D:2      | Found an ancient bone altar of Kikubaaqudgha.
   872 | D:2      | Reached XP level 3. HP: 10/23 MP: 3/3
   969 | D:3      | Reached XP level 4. HP: 28/28 MP: 4/4
  1469 | D:2      | Reached XP level 5. HP: 38/38 MP: 5/5
  1761 | D:3      | Found Jemokh's Book Emporium.
  2206 | D:3      | Reached XP level 6. HP: 28/44 MP: 6/6
  2547 | D:4      | Noticed Blork the orc
  2562 | D:4      | Killed Blork the orc
  2944 | D:4      | Found an opulent altar of Gozag.
  2945 | D:4      | Found a stormy altar of Qazlal.
  2946 | D:4      | Found a basalt altar of Yredelemnul.
  2946 | D:4      | Found an ancient bone altar of Kikubaaqudgha.
  3124 | D:4      | Found a sparkling altar of Nemelex Xobeh.
  3195 | D:5      | Entered Level 5 of the Dungeon
  3230 | D:5      | Found a staircase to the Ecumenical Temple.
  3236 | Temple   | Entered the Ecumenical Temple
  3243 | Temple   | Became a worshipper of Warmaster Okawaru
  3355 | D:5      | Reached XP level 7. HP: 48/48 MP: 7/7
  3560 | D:5      | Found a blossoming altar of Fedhas.
  3700 | D:6      | Identified the +0 ring mail of the Solstice {rPois Will++
                  | Regen+ MP-9}
  3771 | D:6      | Noticed a vampire
  3783 | D:6      | Reached skill level 1 in Invocations
  3792 | D:6      | Slain by a vampire

Illustrated notes

Levels and vault maps discovered:
D:1:      minmay_arrival_doors, layout_rooms, serial_bayou_pond_c,
          item_on_display_b
D:2:      layout_loops_ring, basic_altar, minmay_three_crescents
D:3:      layout_basic, serial_shops, shop
D:4:      layout_rooms, mainiacjoe_overflow_alcove_3,
          mainiacjoe_overflow_alcove_4, bh_walls_and_bars, uniq_blork_the_orc
D:5:      layout_cave_pools, fedhas_altar_4, minmay_temple_entry_wispy,
          kennysheep_nondescript
D:6:      minmay_goblin_kobold_castle, layout_basic, hangedman_glass_teeth
Temple:   minmay_freezing_vapour_temple

Skill      XL: |  1  2  3  4  5  6  7 |
---------------+----------------------+-----
Axes           | 2 6 |  6.7
Armour         | 4 7 |  7.7
Fighting       | 7 |  7.5
Shields        | 7 |  7.3
Invocations    | 1 |  1.1
Evocations     | |  0.7

Action                     |  1- 3 |  4- 6 |  7- 9 || total
---------------------------+-------+-------+-------++-------
  Melee: War axe           |    58 |   146 |    42 ||   246
    Use: Scroll            |     5 |     9 |     2 ||    16
         Potion            |       |     1 |     2 ||     3
 Armour: Chain mail        |    38 |    91 |    37 ||   166
         Scale mail        |     3 |       |       ||     3
  Dodge: Dodged            |    15 |    42 |    18 ||    75
  Block: Buckler           |    18 |    33 |    10 ||    61

Table legend: (Time is in decaauts)
 A = Elapsed time spent in this place.
 B = Non-inter-level travel time spent in this place.
 C = Inter-level travel time spent in this place.
 D = Time resting spent in this place.
 E = Time spent auto-exploring this place.
 F = Levels seen in this place.
 G = Mean time per level.
                   A        B        C        D        E       F      G
               +--------+--------+--------+--------+--------+-----+--------+
         Total |   3863 |   3742 |    121 |    596 |   2391 |   7 |  551.9 |
       Dungeon |   3848 |   3727 |    121 |    596 |   2391 |   6 |  641.3 |
        Temple |     14 |     14 |      0 |      0 |      0 |   1 |   14.0 |
               +--------+--------+--------+--------+--------+-----+--------+

Top non-repeatable levels by time:
     D:3: 1058 daAuts
     D:2: 834 daAuts
     D:4: 720 daAuts
     D:1: 643 daAuts
     D:5: 462 daAuts
     D:6: 129 daAuts
  Temple: 14 daAuts
